 Dungeon Crawl Stone Soup version 0.21.1-1-g345015f (webtiles) character file.

9 Flooderbenga the Grave Robber (level 2, -2/20 HPs)
             Began as a Gnoll Necromancer on Apr 7, 2018.
             Slain by an adder (3 damage)
             ... on level 2 of the Dungeon.
             The game lasted 00:04:46 (139 turns).

Flooderbenga the Grave Robber (Gnoll Necromancer)    Turns: 139, Time: 00:04:46

Health: -2/20      AC:  2    Str: 10    XL:     2   Next: 16%
Magic:  0/7        EV: 14    Int: 17    God:
Gold:   35         SH:  0    Dex: 15    Spells: 8/10 levels left

rFire    . . .     SeeInvis .   (no weapon)
rCold    . . .     Gourm    .   (no shield)
rNeg     . . .     Faith    .   a - +0 robe
rPois    .         Spirit   .   (no helmet)
rElec    .         Reflect  .   (no cloak)
rCorr    .         Harm     .   (no gloves)
MR       .....                  (no boots)
Stlth    +++.......             (no amulet)
HPRegen  0.06/turn              (no ring)
MPRegen  0.10/turn              (no ring)

@: lethally poisoned (-2 -> -10)
A: distributed training, fangs 1, strong nose
a: no special abilities


You were on level 2 of the Dungeon.
You were not hungry.

You visited 1 branch of the dungeon, and saw 3 of its levels.

You collected 35 gold pieces.

Inventory:

Missiles
 d - 20 stones (quivered)
Armour
 a - a +0 robe (worn)
 h - a cursed +0 chain mail
Scrolls
 f - a scroll of identify {unknown}
Potions
 e - a potion of curing {unknown}
 g - a potion of brilliance {unknown}
Books
 b - a book of Necromancy

   Spells                             Type                      Level
   a - Pain                           Necromancy                   1
   b - Animate Skeleton               Necromancy                   1
   c - Vampiric Draining              Necromancy                   3
   d - Regeneration                   Charms/Necromancy            3
   e - Animate Dead                   Necromancy                   4
   f - Borgnjor's Vile Clutch         Necromancy/Earth             5
Comestibles
 c - 2 rations


   Skills:
 + Level 0.3 Fighting
 + Level 0.3 Short Blades
 + Level 0.3 Long Blades
 + Level 0.3 Axes
 + Level 0.3 Maces & Flails
 + Level 0.3 Polearms
 + Level 0.3 Staves
 + Level 0.3 Slings
 + Level 0.3 Bows
 + Level 0.3 Crossbows
 + Level 0.3 Throwing
 + Level 0.3 Armour
 + Level 4.4 Dodging
 + Level 4.0 Stealth
 + Level 0.3 Shields
 + Level 0.3 Unarmed Combat
 + Level 4.9 Spellcasting
 + Level 0.2 Conjurations
 + Level 0.2 Hexes
 + Level 0.2 Charms
 + Level 0.2 Summonings
 + Level 7.0 Necromancy
 + Level 0.2 Translocations
 + Level 0.2 Transmutations
 + Level 0.2 Fire Magic
 + Level 0.2 Ice Magic
 + Level 0.2 Air Magic
 + Level 0.2 Earth Magic
 + Level 0.2 Poison Magic
 + Level 0.4 Invocations
 + Level 0.3 Evocations


You had 8 spell levels left.
You knew the following spells:

 Your Spells              Type           Power        Failure   Level  Hunger
a - Pain                  Necr           ####         1%          1    None
b - Animate Skeleton      Necr           N/A          1%          1    None


Dungeon Overview and Level Annotations

Branches:
Dungeon (3/15)

Altars:

Portals:
Abyss: D:1***


Innate Abilities, Weirdness & Mutations

Your experience applies equally to all skills.
You have very sharp teeth.
Your uncanny sense of smell can sniff out nearby items.


Message History

You take 1 damage, and have 6/20 hp.
You now have 0/7 mp.
Aim: an adder (almost dead)
Okay, then.
Unknown command.
You hit the adder but do no damage. The adder bites you.
* * * LOW HITPOINT WARNING * * *
You are lethally poisoned!
The adder poisons you!
You take 2 damage, and have 4/20 hp.
You barely miss the adder.
* * * LOW HITPOINT WARNING * * *
You feel sick. The adder barely misses you. The adder bites you.
* * * LOW HITPOINT WARNING * * *
You are more poisoned.
The adder poisons you!
You take 2 damage, and have 2/20 hp.
You hit the adder but do no damage.
* * * LOW HITPOINT WARNING * * *
You feel sick. The adder bites you.
You die...

#.#........# ##..........#.
#.....!.......
#..............
#..............
#..#...........
##..#..S.......
#..†#..@.....#
#.#.#......>.##..
###...#............
#................#
#..#.###.##.##.### .......#
#.##.##.#########
....(...###.#..##..<.......
........#.†..>......#######
.###.................##


You could see an adder.

Vanquished Creatures
  A giant cockroach (D:2)
  2 goblins (D:1)
  A hobgoblin (D:1)
  2 bats
  A kobold (D:1)
  2 rats
9 creatures vanquished.

Notes
Turn   | Place    | Note
-------+----------+-------------------------------------------
     0 | D:1      | Flooderbenga the Gnoll Necromancer began the quest for the Orb.
     0 | D:1      | Reached XP level 1. HP: 13/13 MP: 6/6
    84 | D:1      | Reached XP level 2. HP: 10/19 MP: 1/7
    88 | D:1      | Learned a level 1 spell: Animate Skeleton
   139 | D:2      | HP: 1/20 [poisoned by an adder]
   139 | D:2      | Slain by an adder

Action                   || total
-------------------------++-------
Melee: Unarmed           ||     3
 Cast: Pain              ||    17
Armor: Robe              ||     1
Dodge: Dodged            ||     2
